 Dungeon Crawl Stone Soup version 0.21.1-1-g345015f (webtiles) character file.

433 Labyrinth the Firebug (level 6, -3/47 HPs)
             Began as a Draconian Fire Elementalist on July 23, 2018.
             Was a Follower of Sif Muna.
             Killed by divine providence
             ... invoked by an orc priest
              (15 damage)
             ... on level 4 of the Dungeon.
             The game lasted 00:29:26 (3465 turns).

Labyrinth the Firebug (Draconian Fire Elementalist) Turns: 3465, Time: 00:29:26

Health: -3/47      AC:  8    Str: 17    XL:     6   Next: 67%
Magic:  1/10       EV: 18    Int: 19    God:    Sif Muna [*.....]
Gold:   183        SH:  2    Dex: 17    Spells: 2/11 levels left

rFire    . . .     SeeInvis .   t - +1 halberd
rCold    . . .     Gourm    .   (shield currently unavailable)
rNeg     . . .     Faith    .   (armour unavailable)
rPois    .         Spirit   .   (helmet restricted)
rElec    .         Reflect  +   (no cloak)
rCorr    .         Harm     .   (no gloves)
MR       .....                  o - +0 pair of boots
Stlth    +++.......             y - +2 amulet of reflection
HPRegen  0.15/turn              m - +4 ring of intelligence
MPRegen  0.12/turn              q - +1 ring of protection

@: mighty, agile, very slightly contaminated
A: unfitting armour, cold-blooded, AC +6
a: Divine Energy, Renounce Religion


You were on level 4 of the Dungeon.
You worshipped Sif Muna.
Sif Muna was aware of your devotion.
You were not hungry.

You visited 1 branch of the dungeon, and saw 4 of its levels.
You also visited: Sewer.

You collected 183 gold pieces.

Inventory:

Hand Weapons
 i - a +0 club
 j - a +0 hand axe
 k - a +0 hunting sling
 r - a +0 blowgun
 t - a +1 halberd (weapon)
 C - a +0 flail
Missiles
 c - 159 stones
 f - 8 tomahawks (quivered)
 u - 18 poisoned needles
 z - 2 needles of frenzy
 A - 41 bolts
Armour
 o - a +0 pair of boots (worn)
Jewellery
 m - a +4 ring of intelligence (left hand)
 q - a +1 ring of protection (right hand)
 y - a +2 amulet of reflection (around neck)
Scrolls
 n - a scroll of immolation
 s - a scroll of remove curse
 v - a scroll of fear
Potions
 g - a potion of brilliance
 h - a potion of agility
 l - 8 potions of flight
 p - a potion of mutation
 w - a potion of magic {unknown}
 x - a potion of lignification {unknown}
 D - a potion of haste {unknown}
Books
 a - a book of Flames

   Spells                             Type                      Level
   a - Flame Tongue                   Conjuration/Fire             1
   b - Throw Flame                    Conjuration/Fire             2
   c - Conjure Flame                  Conjuration/Fire             3
   d - Inner Flame                    Hexes/Fire                   3
   e - Sticky Flame                   Conjuration/Fire             4
   f - Fireball                       Conjuration/Fire             5
Comestibles
 b - a ration
 B - a chunk of flesh


   Skills:
 + Level 1.1 Fighting
 + Level 1.6(2.0) Axes
 + Level 1.6(2.0) Polearms
 + Level 1.0 Throwing
 + Level 2.3 Dodging
 + Level 2.3 Stealth
 + Level 0.5 Unarmed Combat
 + Level 3.2 Spellcasting
 + Level 3.0 Conjurations
 + Level 4.6 Fire Magic


You had 2 spell levels left.
You knew the following spells:

 Your Spells              Type           Power        Failure   Level  Hunger
a - Flame Tongue          Conj/Fire      ###..        3%          1    None
b - Throw Flame           Conj/Fire      ###...       4%          2    ##.....
c - Conjure Flame         Conj/Fire      ###.....     10%         3    ###....
d - Inner Flame           Hex/Fire       ##......     17%         3    ###....


Dungeon Overview and Level Annotations

Branches:
Dungeon (4/15)
 Temple: D:4-7

Altars:
Sif Muna


Innate Abilities, Weirdness & Mutations

Your plain brown scales are hard. (AC +6)
You cannot fit into any form of body armour.
You are cold-blooded and may be slowed by cold attacks.


Message History

Aiming: Flame Tongue
Press: ? - help, Shift-Dir - straight line, f/p - orc wizard
Aim: an orc wizard, wielding a dagger and wearing a robe (almost dead, fast)
The flame tongue hits the orc wizard.
You kill the orc wizard!
Sif Muna accepts your kill.
You hit the orc but do no damage. You block the orc's attack.
You hit the orc.
The orc is moderately wounded.
The orc priest calls upon Beogh to heal the orc.
The orc's wounds heal themselves!
You block the orc's attack.
The orc priest mumbles some strange prayers to Beogh against you.
Beogh smites you!
* * * LOW HITPOINT WARNING * * *
You feel very mighty all of a sudden. The orc barely misses you.
You closely miss the orc. The orc closely misses you.
The orc priest calls down the wrath of Beogh upon you.
Beogh smites you!
You die...

##o....#.#
#........#
#o.......#
#).....#.#
#......#.#
###......# #
#o.....###
#o#...######
#@#.........
#.#...######
#<##........
############


You could see an orc priest and an orc.

Vanquished Creatures
  3 big kobolds (Sewer)
  An orc wizard (D:4)
  An iguana (D:3)
  The ghost of dscm the Digger, a weakling OpEE (D:3)
  2 adders (D:2)
  4 gnolls (D:3)
  3 oozes
  2 worms (D:2)
  2 dart slugs (D:1)
  An orc (D:3)
  7 bats
  2 giant cockroaches (D:1)
  10 goblins
  5 hobgoblins (D:1)
  3 jackals (D:4)
  23 kobolds
  A quokka (D:2)
  6 ball pythons
  8 frilled lizards
  10 rats
95 creatures vanquished.

Notes
Turn   | Place    | Note
-------+----------+-------------------------------------------
     0 | D:1      | Labyrinth the Draconian Fire Elementalist began the quest for the Orb.
     0 | D:1      | Reached XP level 1. HP: 14/14 MP: 3/3
    72 | D:1      | Reached XP level 2. HP: 20/20 MP: 0/5
    76 | D:1      | Learned a level 2 spell: Throw Flame
   281 | D:1      | Reached XP level 3. HP: 15/26 MP: 0/6
   286 | D:1      | Learned a level 3 spell: Conjure Flame
  1235 | D:2      | Reached XP level 4. HP: 33/33 MP: 2/7
  1318 | D:2      | Found a deep blue altar of Sif Muna.
  1321 | D:2      | Became a worshipper of Sif Muna the Loreminder
  1881 | D:3      | Reached skill level 1 in Axes
  1969 | D:3      | Reached XP level 5. HP: 8/38 MP: 0/9
  2171 | D:3      | Found a glowing drain.
  2185 | Sewer    | Entered a sewer
  2335 | Sewer    | Reached skill level 1 in Throwing
  2335 | Sewer    | Reached skill level 4 in Fire Magic
  2342 | Sewer    | Reached skill level 1 in Polearms
  2342 | Sewer    | Reached XP level 6. HP: 13/46 MP: 1/10
  2450 | Sewer    | Learned a level 3 spell: Inner Flame
  2715 | Sewer    | Reached skill level 1 in Fighting
  2719 | Sewer    | Reached * piety under Sif Muna
  3081 | D:3      | Noticed dscm's ghost (weakling OpEE)
  3090 | D:3      | Killed dscm's ghost
  3465 | D:4      | Killed from afar by an orc priest

Skill      XL: |  1  2  3  4  5  6 |
---------------+-------------------+-----
Stealth        | 2 |  2.3
Axes           | 1 |  1.6
Dodging        | 2 |  2.3
Throwing       | 1 |  1.0
Spellcasting   | 3 |  3.2
Conjurations   | 2 3 |  3.0
Fire Magic     | 4 |  4.6
Polearms       | 1 |  1.6
Fighting       | 1 |  1.1
Unarmed Combat | |  0.5

Action                   |  1- 3 |  4- 6 || total
-------------------------+-------+-------++-------
Melee: Unarmed           |    33 |       ||    33
       Tailslap          |     4 |     3 ||     7
       Hand axe          |    24 |    21 ||    45
       Halberd           |       |    32 ||    32
Throw: Tomahawk          |     8 |    10 ||    18
       Stone             |       |     4 ||     4
 Cast: Flame Tongue      |    33 |    59 ||    92
       Throw Flame       |    16 |    31 ||    47
       Conjure Flame     |       |     2 ||     2
  Use: Scroll            |     6 |     4 ||    10
       Potion            |     1 |    13 ||    14
  Eat: Chunk             |     1 |     6 ||     7
       Ration            |     1 |     1 ||     2
Armor: Skin              |    23 |    42 ||    65
Dodge: Dodged            |    51 |    75 ||   126
Block: Other             |       |     2 ||     2
